 Dungeon Crawl Stone Soup version bcrawl-1.28.5 (webtiles) character file.

Game seed: 17791822532349837602

178491 Mehrunes the Digger (level 7, -5/36 HPs)
             Began as a Gargoyle Earth Elementalist on Jan 27, 2021.
             Was an Initiate of Sif Muna.
             Hit by a poisoned tomahawk thrown by an orc warrior (11 damage)
             ... on level 6 of the Dungeon.
             The game lasted 00:13:46 (5280 turns).

Mehrunes the Digger (Gargoyle Earth Elementalist)   Turns: 5280, Time: 00:13:46

Health: -5/36      AC: 12    Str: 14    XL:     7   Next: 85%
Magic:  1/10       EV: 11    Int: 15    God:    Sif Muna [......]
Gold:   261        SH:  0    Dex: 10    Spells: 6/10 levels left

rFire    . . .     SeeInvis .   A - +2 whip (elec)
rCold    . . .     Gourm    .   (no shield)
rNeg     + . .     Faith    .   y - +0 ring mail
rPois    ∞         Spirit   .   (no helmet)
rElec    +         Reflect  .   (no cloak)
rCorr    .         Harm     .   (no gloves)
MR       .....                  f - +2 pair of boots
Stlth    +++.......             o - amulet of regeneration
HPRegen  0.15/turn              s - ring of stealth
MPRegen  0.12/turn              u - ring of insulation

@: very slightly contaminated, no casting
A: negative energy resistance 1, electricity resistance, unbreathing,
petrification resistance, rot immunity, AC +4
a: Stop Divine Energy, Renounce Religion


You were on level 6 of the Dungeon.
You worshipped Sif Muna.
Sif Muna was noncommittal.
You were hungry.

You visited 1 branch of the dungeon, and saw 6 of its levels.

You collected 261 gold pieces.

Inventory:

Hand Weapons
 l - a +0 mace
 A - a +2 whip of electrocution (weapon)
Missiles
 b - 330 stones (quivered)
 E - a throwing net {=f}
Armour
 c - a +0 robe
 f - a +2 pair of boots (worn)
 r - a +0 scale mail
 x - a +0 buckler
 y - a +0 ring mail (worn)
Magical Staves
 C - an uncursed staff of wizardry
Jewellery
 o - an amulet of regeneration (around neck)
 s - a ring of stealth (left hand)
 u - a ring of insulation (right hand)
 D - a +2 amulet of reflection
 F - an uncursed amulet of the gourmand
 G - a +2 amulet of reflection
Scrolls
 i - 5 scrolls of remove curse {unknown}
 j - 3 scrolls of fog {unknown}
 k - 5 scrolls of identify
 m - a scroll of blinking {unknown}
 n - a scroll of fear {unknown}
 t - a scroll of enchant weapon {unknown}
 v - 2 scrolls of noise {unknown}
 w - 2 scrolls of immolation {unknown}
 z - 3 scrolls of teleportation {unknown}
Potions
 a - a potion of might {unknown}
 d - 2 potions of curing {unknown}
 g - a potion of heal wounds
 h - a potion of agility {unknown}
 p - a potion of haste {unknown}
 q - a potion of ambrosia {unknown}
 B - a potion of brilliance {unknown}
Comestibles
 e - 2 rations {!d}
 H - a chunk of flesh


   Skills:
 - Level 2.0 Dodging
 - Level 3.0 Stealth
 + Level 0.4 Shields
 - Level 2.4 Spellcasting
 - Level 6.6 Conjurations
   Level 0.7 Transmutations
 - Level 7.0 Earth Magic


You had 6 spell levels left.
You knew the following spells:

 Your Spells              Type           Power        Failure   Level  Hunger
a - Sandblast             Erth           ###...       2%          1    None
b - Stone Arrow           Conj/Erth      ###...       8%          3    ####...

Your spell library contained the following spells:

 Spells                   Type           Power        Failure   Level  Hunger
 Throw Frost              Conj/Ice       ##....       7%          2    ##.....
 Passwall                 Tmut/Erth      ##......     14%         2    ##.....
 Freeze                   Ice            #.....       41%         1    None
 Lee's Rapid Deconstruct  Erth           ###.......   56%         5    #######
 Petrify                  Tmut/Erth      ##........   65%         4    ######.
 Throw Icicle             Conj/Ice       ##......     75%         4    ######.
 Ozocubu's Armour         Chrm/Ice       #.......     78%         3    ####...
 Ice Form                 Ice/Tmut       #.......     98%         4    ######.
 Summon Ice Beast         Ice/Summ       #.......     99%         4    ######.


Dungeon Overview and Level Annotations

Branches:
Dungeon (6/12)
 Temple: D:4-7

Altars:
Qazlal
Ru
Sif Muna
Xom
Yredelemnul

Annotations:
D:5 Sigmund


Innate Abilities, Weirdness & Mutations

You are resistant to torment.
Your stone body is resilient. (AC +4)
You are immune to poison.
You resist negative energy. (rN+)
You are resistant to electric shocks. (rElec)
You can survive without breathing.
You are immune to petrification.
You are immune to rotting.


Message History

Aim: an orc warrior, wielding a +0 short sword, wearing a +0 plate armour and quivering 119 poisoned tomahawks (severely wounded)
The stone arrow hits the orc warrior.
The orc warrior is almost dead.
Sif Muna grants you divine energy.
You briefly lose access to your magic!
You hit the orc warrior but do no damage.
The orc warrior is almost dead.
The orc warrior hits you but does no damage.
The orc warrior hits you with a +0 short sword!
* * * LOW HITPOINT WARNING * * *
You hit the orc warrior but do no damage.
The orc warrior is almost dead.
The orc warrior hits you but does no damage.
You closely miss the orc warrior.
The orc warrior is almost dead.
The orc warrior hits you with a +0 short sword.
* * * LOW HITPOINT WARNING * * *
The orc warrior throws a poisoned tomahawk.
The poisoned tomahawk hits you!
You die...

#..P## ...# #..P# ...#
#...## ..... #....###
♣.♣ #.##...♣PP.P
#####......♣...♣
#######.........P.PPP.
##.......<..........P..
............@.o....PPP.
............###..♣♣...
......###....##..♣♣.♣♣P
...## ##..†##........ .
##............
###...#########
#....o############
#..#..............#
#..###..............#


You could see an orc warrior.

Vanquished Creatures
  An ogre (D:4)
  A bullfrog (D:5)
  A scorpion (D:5)
  3 crimson imps
  A centaur skeleton (D:5)
  A centaur zombie (D:5)
  A bullfrog skeleton (D:5)
  A hound (D:5)
  An orc wizard (D:3)
  Jessica (D:2)
  3 worker ants
  4 gnolls (D:3)
  10 adders
  2 oozes
  3 worms
  3 dart slugs
  2 leopard geckos
  5 orcs
  8 bats
  4 giant cockroaches
  4 goblins
  9 hobgoblins
  3 jackals (D:2)
  7 kobolds
  4 quokkas
  2 ball pythons (D:3)
  A frilled lizard (D:1)
  A jackal skeleton (D:4)
  A quokka skeleton (D:4)
  5 rats
93 creatures vanquished.

Notes
Turn   | Place    | Note
-------+----------+-------------------------------------------
     0 | D:1      | Mehrunes the Gargoyle Earth Elementalist began the quest
                  | for the Orb.
     0 | D:1      | Reached XP level 1. HP: 10/10 MP: 3/3
   255 | D:1      | Reached XP level 2. HP: 15/15 MP: 3/5
   962 | D:2      | Reached skill level 4 in Earth Magic
   962 | D:2      | Reached XP level 3. HP: 17/19 MP: 1/6
  1131 | D:2      | Learned a level 3 spell: Stone Arrow
  1300 | D:2      | Noticed Jessica
  1307 | D:2      | Killed Jessica
  1308 | D:2      | Reached skill level 1 in Conjurations
  1308 | D:2      | Reached XP level 4. HP: 24/24 MP: 2/7
  1510 | D:2      | Found a stormy altar of Qazlal.
  1749 | D:3      | Reached XP level 5. HP: 28/28 MP: 3/8
  2551 | D:3      | Reached XP level 6. HP: 18/32 MP: 3/9
  2937 | D:4      | Reached skill level 5 in Conjurations
  2937 | D:4      | Reached skill level 5 in Earth Magic
  3486 | D:4      | Noticed a yak
  3670 | D:5      | Entered Level 5 of the Dungeon
  3813 | D:5      | Reached XP level 7. HP: 35/36 MP: 1/10
  3820 | D:5      | Reached skill level 6 in Earth Magic
  4013 | D:5      | Found a sacrificial altar of Ru.
  4019 | D:5      | Found a shimmering blue altar of Sif Muna.
  4019 | D:5      | Found a shimmering altar of Xom.
  4025 | D:5      | Became a worshipper of Sif Muna the Loreminder
  4124 | D:5      | Noticed Sigmund
  4522 | D:5      | Found a basalt altar of Yredelemnul.
  5137 | D:6      | Reached skill level 7 in Earth Magic
  5280 | D:6      | Hit by a poisoned tomahawk thrown by an orc warrior

Skill      XL: |  1  2  3  4  5  6  7 |
---------------+----------------------+-----
Dodging        | 2 |  2.0
Earth Magic    | 4 5 7 |  7.0
Stealth        | 3 |  3.0
Conjurations   | 1 3 4 5 6 |  6.6
Shields        | |  0.4
Spellcasting   | |  2.4
Transmutations | |  0.7

Action                   |  1- 3 |  4- 6 |  7- 9 || total
-------------------------+-------+-------+-------++-------
Melee: Unarmed           |    35 |     4 |       ||    39
       Mace              |       |    41 |       ||    41
       Whip              |       |    23 |    25 ||    48
 Cast: Sandblast         |    55 |    39 |       ||    94
       Stone Arrow       |       |    25 |    28 ||    53
Invok: Divine Energy     |       |       |     2 ||     2
       Stop Divine Energ |       |       |     1 ||     1
 Stab: Sleeping          |       |     1 |       ||     1
  Eat: Chunk             |     3 |    15 |     3 ||    21
       Ration            |       |       |     3 ||     3
Armor: Robe              |    26 |    30 |       ||    56
       Ring mail         |       |    13 |    21 ||    34
Dodge: Dodged            |    38 |    51 |    18 ||   107
Block: Other             |       |       |     1 ||     1
